 Dungeon Sprint DCSS version 0.30-a0-830-gfe289a77b0 (webtiles) character file.

Game seed: 16043193582717833236

592 retardedninja the Cleaver (level 7, 0/52 (71) HPs)
             Began as a Hill Orc Fighter on Feb 28, 2023.
             Was an Initiate of Gozag.
             Slain by Sonja
             ... wielding a +1 short sword of draining
              (5 damage)
             ... in the Dungeon (Sprint I: "Red Sonja").
             The game lasted 00:01:59 (921 turns).

retardedninja the Cleaver (Hill Orc Fighter)         Turns: 921, Time: 00:02:00

HP:   0/52 (71)     AC: 10    Str: 21    XL:     7   Next: 39%
MP:   7/7           EV: 10    Int:  8    God:    Gozag
Gold: 297           SH:  5    Dex: 10    Spells: 6/6 levels left

rFire   . . .      SeeInvis .    a - +0 war axe
rCold   . . .      Faith    .    c - +0 buckler
rNeg    . . .      Spirit   .    b - +0 scale mail
rPois   .          Reflect  .    (no helmet)
rElec   .          Harm     .    g - +0 cloak
rCorr   .          Rampage  .    (no gloves)
Will    .....      NoTele   +    (no boots) Stlth
                                 (no amulet)
HPRegen 0.28/turn                (no ring)
MPRegen 0.10/turn                (no ring)

@: mighty, slowed, very heavily drained, very slow
A: no striking features
a: Renounce Religion, Potion Petition, Call Merchant, Bribe Branch


You were in the Dungeon.
You worshipped Gozag.
Gozag was aware of your devotion.
You visited 1 branch You collected 297 gold pieces.

Inventory:

Hand Weapons
 a - a +0 war axe (weapon)
Missiles
 f - 6 javelins (quivered)
Armour
 b - a +0 scale mail (worn)
 c - a +0 buckler (worn)
 g - a +0 cloak (worn)
Scrolls
 j - a scroll of blinking
Potions
 e - a potion of curing
 h - 2 potions of magic


   Skills:
 + Level 9.7 Fighting
 + Level 10.5 Axes
 + Level 0.2 Throwing
 + Level 9.8 Armour
 + Level 1.2 Dodging
 + Level 0.4 Stealth
 + Level 8.3 Shields


You had 6 spell levels left.
You didn't know any spells.
Your spell library was empty.

Dungeon Overview and Level Annotations

Branches:
Dungeon (1/1)

Altars:
Cheibriados
Dithmenos
Elyvilon
Fedhas
Gozag
Hepliaklqana
Kikubaaqudgha
Makhleb
Nemelex Xobeh
Okawaru
Qazlal
Ru
Sif Muna
Trog
Uskayaw
Vehumet
Wu Jian
Xom
Yredelemnul
Zin
The Shining One
Jiyva
Lugonu

Shops:
D (

Annotations:
D Sonja


Message History

You feel sick.
Sonja hits you with a +1 short sword of draining.
You feel drained.
Sonja hits you with a +1 short sword of draining.
You feel drained. Sonja closely misses you.
Sonja hits you with a +1 short sword of draining.
You feel drained. Sonja hits you but does no damage.
You feel drained. Sonja barely misses you.
Sonja hits you with a +1 short sword of draining.
You feel drained. Sonja barely misses you.
Sonja hits you with a +1 short sword of draining.
You feel drained.
There is an open door, spattered with blood here.
You bump into the rock wall.
You feel sick. Sonja barely misses you.
Sonja hits you with a +1 short sword of draining!
You feel drained.
* * * LOW HITPOINT WARNING * * *
Sonja hits you but does no damage.
You feel drained.
Sonja hits you with a +1 short sword of draining.
* * * LOW HITPOINT WARNING * * *
You feel drained.
* * * LOW HITPOINT WARNING * * *
Sonja hits you with a +1 short sword of draining.
* * * LOW HITPOINT WARNING * * *
You feel drained.
* * * LOW HITPOINT WARNING * * *
Sonja misses you.
You miss Sonja.
You feel less confused.
You feel sick.
You are no longer poisoned.
You block Sonja's attack. Sonja hits you but does no damage.
You feel drained. Sonja hits you but does no damage.
You feel drained. Sonja barely misses you.
Sonja hits you with a +1 short sword of draining.
* * * LOW HITPOINT WARNING * * *
You feel drained.
* * * LOW HITPOINT WARNING * * *
Sonja hits you with a +1 short sword of draining.
You die...
Your body crumbles into a pile of gold.

#<.#..').#.)'..#__#$$
#.)'..#..'..#..'..+$$
#..#####'#####'#__#
#..####..#...#.#### $
#..#__####..##(# $$
#..#_____##'#_.+
#⌠⌠#_.∩...'..._# $$
####_..__##_K#'#
$$#_____###@#.# $$ $
####### #.### $
+$.$+$$ $$ #$.$# $
##.## $ $#+#$ $ $ $ $
$ $ $ $


You could see Sonja.

Vanquished Creatures
  Sigmund (D)
  A slime creature (D)
  A yak (D)
  An ogre (D)
  A jelly (D)
  Ijyb (D)
6 creatures vanquished.

Notes
Turn   | Place    | Note
-------+----------+-------------------------------------------
     0 | D        | retardedninja the Hill Orc Fighter began the quest for the
                  | Orb.
     0 | D        | Reached XP level 1. HP: 19/19 MP: 1/1
     2 | D        | Noticed Ijyb
    31 | D        | Killed Ijyb
    32 | D        | Reached skill level 5 in Fighting
    32 | D        | Reached skill level 3 in Axes
    32 | D        | Reached XP level 2. HP: 14/29 MP: 2/2
    32 | D        | Reached XP level 3. HP: 17/36 MP: 3/3
   187 | D        | Noticed an ogre
   196 | D        | Killed an ogre
   197 | D        | Reached skill level 5 in Axes
   197 | D        | Reached skill level 5 in Shields
   197 | D        | Reached XP level 4. HP: 45/45 MP: 4/4
   253 | D        | Noticed Sigmund
   267 | D        | Killed Sigmund
   268 | D        | Reached skill level 8 in Axes
   268 | D        | Reached XP level 5. HP: 43/56 MP: 5/5
   268 | D        | Reached XP level 6. HP: 48/62 MP: 6/6
   526 | D        | Found a burning altar of Makhleb.
   526 | D        | Found a viscous altar of Jiyva.
   526 | D        | Found a shimmering altar of Xom.
   526 | D        | Found a corrupted altar of Lugonu.
   526 | D        | Noticed a slime creature
   535 | D        | Killed a slime creature
   536 | D        | Reached skill level 9 in Axes
   536 | D        | Reached skill level 1 in Dodging
   658 | D        | Found an ornate altar of the Wu Jian Council.
   658 | D        | Found a shimmering blue altar of Sif Muna.
   660 | D        | Found a radiant altar of Vehumet.
   668 | D        | Reached XP level 7. HP: 48/70 MP: 7/7
   813 | D        | Found Quisep's Weapon Emporium.
   813 | D        | Found an ancient bone altar of Kikubaaqudgha.
   813 | D        | Found a hazy altar of Hepliaklqana.
   813 | D        | Found a stormy altar of Qazlal.
   813 | D        | Found a hide-covered altar of Uskayaw.
   813 | D        | Found a blossoming altar of Fedhas.
   813 | D        | Found a bloodstained altar of Trog.
   813 | D        | Found an iron altar of Okawaru.
   813 | D        | Found a basalt altar of Yredelemnul.
   813 | D        | Found a glowing golden altar of the Shining One.
   813 | D        | Found a snail-covered altar of Cheibriados.
   813 | D        | Found a sacrificial altar of Ru.
   813 | D        | Found a glowing silver altar of Zin.
   813 | D        | Found a shadowy altar of Dithmenos.
   813 | D        | Found a white marble altar of Elyvilon.
   813 | D        | Noticed a yak
   824 | D        | Killed a yak
   825 | D        | Reached skill level 10 in Axes
   825 | D        | Found an opulent altar of Gozag.
   826 | D        | Found a sparkling altar of Nemelex Xobeh.
   853 | D        | Became a worshipper of Gozag Ym Sagoz the Greedy
   913 | D        | Noticed Sonja
   921 | D        | Slain by Sonja

Illustrated notes

Levels and vault maps discovered:
D:        dungeon_sprint_1 [red_sonja_temple_1, red_sonja_temple_small_1]

Skill      XL: |  1  2  3  4  5  6  7 |
---------------+----------------------+-----
Fighting       | 5 6 8 9 |  9.7
Axes           | 3 5 8 9 10 | 10.5
Armour         | 4 6 8 9 |  9.8
Shields        | 4 5 7 8 |  8.3
Dodging        | 1 |  1.2
Throwing       | |  0.2
Stealth        | |  0.4

Action                     |  1- 3 |  4- 6 |  7- 9 || total
---------------------------+-------+-------+-------++-------
  Melee: War axe           |    17 |    24 |     9 ||    50
  Throw: Javelin           |       |     1 |     2 ||     3
    Use: Potion            |     2 |       |     2 ||     4
 Armour: Scale mail        |     7 |     7 |     6 ||    20
  Dodge: Dodged            |     9 |     7 |    12 ||    28
  Block: Buckler           |     3 |     4 |     2 ||     9

Table legend: (Time is in decaauts)
 A = Elapsed time spent in this place.
 B = Non-inter-level travel time spent in this place.
 C = Inter-level travel time spent in this place.
 D = Time resting spent in this place.
 E = Time spent auto-exploring this place.
 F = Levels seen in this place.
 G = Mean time per level.
                   A        B        C        D        E       F      G
               +--------+--------+--------+--------+--------+-----+--------+
         Total |    928 |    928 |      0 |    735 |      0 |   1 |  928.0 |
       Dungeon |    928 |    928 |      0 |    735 |      0 |   1 |  928.0 |
               +--------+--------+--------+--------+--------+-----+--------+

Top non-repeatable levels by time:
       D: 928 daAuts
